 Dungeon Crawl Stone Soup version 0.28.0-53-g5a82cb258f (webtiles) character file.

Game seed: 377674874012789282

105 gobodom the Stinger (level 4, 0/31 HPs)
             Began as a Demonspawn Venom Mage on June 20, 2022.
             Slain by a gnoll
             ... wielding a +0 halberd
              (11 damage)
             ... on level 3 of the Dungeon.
             The game lasted 00:11:35 (3162 turns).

gobodom the Stinger (Demonspawn Venom Mage)         Turns: 3162, Time: 00:11:35

Health: 0/31       AC:  4    Str: 10    XL:     4   Next: 54%
Magic:  1/8        EV: 12    Int: 17    God:
Gold:   97         SH:  0    Dex: 13    Spells: 6/9 levels left

rFire   . . .      SeeInvis .   d - +0 club (flame)
rCold   . . .      Faith    .   (no shield)
rNeg    . . .      Spirit   .   b - +0 robe
rPois   .          Reflect  .   (helmet restricted)
rElec   .          Harm     .   j - +0 cloak
rCorr   .          Rampage  .   (no gloves)
Will    .....                   k - +0 pair of boots
Stlth   ++........              (no amulet)
HPRegen 0.10/turn               (no ring)
MPRegen 0.11/turn               (no ring)

@: no status effects
A: horns 1
a: no special abilities


You were on level 3 of the Dungeon.
You visited 1 branch of the dungeon, and saw 3 of its levels.

You collected 97 gold pieces.

Inventory:

Hand Weapons
 a - a +2 vorpal hunting sling
 d - a +0 club of flaming (weapon)
Missiles
 g - 47 stones
 l - 32 arrows
Armour
 b - a +0 robe (worn)
 j - a +0 cloak (worn)
 k - a +0 pair of boots (worn)
Scrolls
 c - a scroll of identify {unknown}
Potions
 e - a potion of resistance {unknown}
 f - a potion of haste {unknown}
 i - 2 potions of ambrosia {unknown}


   Skills:
 + Level 0.6 Fighting
 + Level 0.1 Maces & Flails
 + Level 2.0 Dodging
 + Level 1.9 Stealth
 + Level 3.1 Spellcasting
 + Level 1.6 Transmutations
 + Level 3.8 Poison Magic


You had 6 spell levels left.
You knew the following spells:

 Your Spells              Type           Power      Damage    Failure   Level
a - Sting                 Tmut/Pois      48%        1d5       5%          1
b - Poisonous Vapours     Pois/Air       18%        N/A       12%         2

Your spell library contained the following spells:

 Spells                   Type           Power      Damage    Failure   Level
 Animate Skeleton         Necr           4%         N/A       17%         1
 Apportation              Tloc           4%         N/A       17%         1
 Summon Small Mammal      Summ           8%         N/A       17%         1
 Mephitic Cloud           Conj/Pois/Air  7%         N/A       30%         3
 Olgreb's Toxic Radiance  Pois           15%        N/A       34%         4


Dungeon Overview and Level Annotations

Branches:
Dungeon (3/15)

Altars:

Shops:
D:1 =

Annotations:
D:3 Robin, Sigmund


Innate Abilities, Weirdness & Mutations

You have a pair of small horns on your head.


Message History

You hit the gnoll. You burn the gnoll.
You kill the gnoll!
Found a dagger.
You see here a +0 club.
A gnoll comes into view. It is wielding a +0 halberd.
The gnoll shouts!
A gnoll comes into view. It is wielding a +0 spear.
Casting: Sting (safe; 5% risk of failure)
Confirm with . or Enter, or press ? or * to list all spells.
Aiming: Poisonous Vapours (safe; 12% risk of failure)
Press: ? - help, Dir - move target, f - gnoll
Aim: a gnoll, wielding a +0 halberd Poisonous vapours surround the gnoll!
The gnoll is poisoned.
The gnoll shouts!
Casting: Poisonous Vapours (safe; 12% risk of failure)
Confirm with . or Enter, or press ? or * to list all spells.
Aiming: Poisonous Vapours (safe; 12% risk of failure)
Press: ? - help, Dir - move target, f - gnoll, p - gnoll
Aim: a gnoll, wielding a +0 spear You miscast Poisonous Vapours.
You are very lightly contaminated with residual magic.
Nothing appears to happen.
Unknown command.
The gnoll looks more healthy.
Your magical contamination has completely faded away.
The gnoll misses you.
The gnoll hits you from afar with a +0 spear!
You hit the gnoll. You burn the gnoll.
The gnoll is severely wounded.
The gnoll hits you with a +0 halberd. The gnoll closely misses you.
The gnoll barely misses you.
You hit the gnoll but do no damage.
The gnoll is severely wounded.
The gnoll hits you from afar with a +0 spear.
The gnoll closely misses you.
You hit the gnoll but do no damage.
The gnoll is heavily wounded.
The gnoll hits you from afar with a +0 spear.
The gnoll hits you with a +0 halberd!
You die...

.............######.##.#
......#'###### #.....
..... #.######## ####..
#### #......... .....
#.######## ####.
#......... ..... #
#.#.####.. ##### #.
#.#.# # #.. #@#.#
##...####g#.#
#........g#.#
#...!.....#.#
#.........#.#
#.........# #.........#
........... #.........#.


You could see 2 gnolls.

Vanquished Creatures
  A gnoll (D:3)
  3 adders (D:2)
  A worm (D:2)
  8 endoplasms
  5 goblins
  12 hobgoblins
  5 jackals
  4 quokkas
  7 ball pythons
  6 bats
  3 frilled lizards (D:1)
  4 kobolds
  A rat (D:1)
60 creatures vanquished.

Notes
Turn   | Place    | Note
-------+----------+-------------------------------------------
     0 | D:1      | gobodom the Demonspawn Venom Mage began the quest for the
                  | Orb.
     0 | D:1      | Reached XP level 1. HP: 13/13 MP: 3/3
     9 | D:1      | Found Tobrow's Jewellery Boutique.
   186 | D:1      | Reached skill level 1 in Transmutations
   205 | D:1      | Gained mutation: You have a pair of small horns on your
                  | head. [demonic ancestry]
   205 | D:1      | Reached XP level 2. HP: 13/19 MP: 0/5
  1068 | D:1      | Found a faded altar of an unknown god.
  1179 | D:1      | Reached XP level 3. HP: 25/25 MP: 6/6
  1877 | D:2      | Learned a level 2 spell: Poisonous Vapours
  2084 | D:2      | Reached XP level 4. HP: 23/31 MP: 6/8
  2744 | D:3      | Noticed Robin
  2744 | D:3      | Noticed Sigmund
  3162 | D:3      | Slain by a gnoll

Illustrated notes

Levels and vault maps discovered:
D:1:      ebering_trefoil_3fold, layout_rooms, serial_shops,
          nicolae_shop_window_shopping, ebering_ecumenical_altar_webs,
          minmay_surrounded
D:2:      layout_loops_corners
D:3:      layout_basic, grunt_ministairs_6, uniq_robin, uniq_sigmund,
          uniq_jessica

Skill      XL: |  1  2  3  4 |
---------------+-------------+-----
Transmutations | 1 |  1.6
Spellcasting   | 3 |  3.1
Dodging        | 2 |  2.0
Fighting       | |  0.6
Maces & Flails | |  0.1
Stealth        | |  1.9
Poison Magic   | |  3.8

Action                   |  1- 3 |  4- 6 || total
-------------------------+-------+-------++-------
Melee: Unarmed           |     8 |       ||     8
       Club              |    33 |    21 ||    54
       Headbutt          |     8 |     3 ||    11
       Punch             |     2 |       ||     2
 Cast: Sting             |    83 |     9 ||    92
       Poisonous Vapours |       |     3 ||     3
  Use: Scroll            |       |     3 ||     3
 Stab: Sleeping          |     1 |       ||     1
Armor: Robe              |    13 |    11 ||    24
Dodge: Dodged            |    48 |    20 ||    68
